 Dungeon Crawl Stone Soup version 0.27-b1-42-g19c61b19a5 (webtiles) character file.

Game seed: 14631468826027275685

22 Tirrikindir the Shield-Bearer (level 2, 0/21 HPs)
             Began as an Octopode Fighter on July 29, 2021.
             Slain by a jackal (2 damage)
             ... on level 1 of the Dungeon.
             The game lasted 00:00:57 (339 turns).

Tirrikindir the Shield-Bearer (Octopode Fighter)     Turns: 339, Time: 00:00:58

Health: 0/21       AC:  1    Str: 15    XL:     2   Next: 91%
Magic:  2/2        EV: 11    Int: 10    God:
Gold:   25         SH:  8    Dex: 11    Spells: 1/1 levels left

rFire    . . .     SeeInvis .   a - +0 long sword
rCold    . . .     Faith    .   b - +0 kite shield
rNeg     . . .     Spirit   .   (helmet restricted)
rPois    .         Reflect  .   (no amulet)
rElec    .         Harm     .   (no ring)
rCorr    .         Rampage  .   (no ring)
Will     .....                  (no ring)
Stlth    ++........             (no ring)
HPRegen  0.07/turn              (no ring)
MPRegen  0.08/turn              (no ring)
                                (no ring)
                                (no ring)

@: no status effects
A: almost no armour, amphibious, 8 rings, camouflage 1, gelatinous body 1,
(nimble swimmer 1), tentacles
a: no special abilities


You were on level 1 of the Dungeon.
You visited 1 branch of the dungeon, and saw 1 of its levels.

You collected 25 gold pieces.

Inventory:

Hand Weapons
 a - a +0 long sword (weapon)
 d - a +0 short sword
Armour
 b - a +0 kite shield (worn)
Scrolls
 e - a scroll of enchant weapon {unknown}
Potions
 c - a potion of might


   Skills:
 + Level 3.1 Fighting
 * Level 2.5 Long Blades
 + Level 3.1 Dodging
 + Level 1.1 Stealth
 + Level 3.2 Shields


You had one spell level left.
You didn't know any spells.
Your spell library was empty.

Dungeon Overview and Level Annotations

Branches:
Dungeon (1/15)

Altars:


Innate Abilities, Weirdness & Mutations

You cannot wear most types of armour.
You are amphibious.
You can wear up to eight rings at the same time.
Your skin changes colour to match your surroundings (Stealth+).
Your rubbery body absorbs attacks. (AC +1, EV +1)
((You are camouflaged near water. (Stealth+)))
You have tentacles for arms and can constrict up to eight enemies at once.


Message History

The goblin barely misses you.
You slash the goblin!
You kill the goblin!
You constrict the dart slug.
You kill the dart slug!
The kobold hits you with a +0 club.
* * * LOW HITPOINT WARNING * * *
You hit the kobold.
You kill the kobold!
You start resting.
A jackal comes into view.
You hit the jackal but do no damage. Your grab misses the jackal.
You squeeze the jackal.
You kill the jackal!
You start resting.
A jackal comes into view.
You start resting.
A jackal is nearby!
You start resting.
A jackal is nearby!
A jackal is nearby!
Items here: ( )) ††.
Okay, then.
The jackal barks!
You hear an angry hiss.
A jackal and a dart slug come into view.
You block the jackal's attack.
The jackal barks!
You hit the jackal but do no damage. You grab the jackal.
You constrict the jackal. The jackal bites you.
* * * LOW HITPOINT WARNING * * *
The jackal closely misses you.
You slash the jackal!
You kill the jackal!
The dart slug launches a dart at you. The slug dart hits you.
* * * LOW HITPOINT WARNING * * *
The jackal bites you.
* * * LOW HITPOINT WARNING * * *
The jackal bites you.
You die...

###.#.###.# #.#..##.#
#.##..#.# #... #..##...#
...# ##. ##..# ...#
####.##..########..##..#
.........#†............##
.......†..)########......
...#.......@.........#
..#.#.....h......$...#
#._.#..†.................
..#.#.........######....##
...#............. ...g..
.....w..........|# .....
...........###.#.# .....
...#...#.# .#... ....
##.#####.. .. #.. ...K


You could see a dart slug and a jackal.

Vanquished Creatures
  A dart slug (D:1)
  3 bats (D:1)
  An endoplasm (D:1)
  A giant cockroach (D:1)
  A goblin (D:1)
  A hobgoblin (D:1)
  4 jackals (D:1)
  A quokka (D:1)
  A frilled lizard (D:1)
  3 kobolds (D:1)
  A rat (D:1)
18 creatures vanquished.

Notes
Turn   | Place    | Note
-------+----------+-------------------------------------------
     0 | D:1      | Tirrikindir the Octopode Fighter began the quest for the
                  | Orb.
     0 | D:1      | Reached XP level 1. HP: 16/16 MP: 1/1
   127 | D:1      | Reached XP level 2. HP: 20/21 MP: 2/2
   249 | D:1      | Found a faded altar of an unknown god.
   279 | D:1      | Reached skill level 1 in Stealth
   339 | D:1      | Slain by a jackal

Illustrated notes

Levels and vault maps discovered:
D:1:      nicolae_arrival_memento_mori, layout_rooms,
          chequers_ecumenical_altar_simple_redux, hangedman_decor_push

Skill      XL: |  1  2 |
---------------+-------+-----
Stealth        | 1 |  1.1
Fighting       | |  3.1
Long Blades    | |  2.5
Dodging        | |  3.1
Shields        | |  3.2

Action                   || total
-------------------------++-------
Melee: Long sword        ||    29
       Constrict         ||    11
       Tentacles         ||     7
 Stab: Sleeping          ||     2
Armor: Skin              ||     4
Dodge: Dodged            ||    10
Block: Kite shield       ||    13
       Rpst.: Long sword ||     4
